 Dungeon Crawl Stone Soup version 0.27.1-33-g824d729ab1 (webtiles) character file.

Game seed: 3143806558112289091

111550 zeram the Peltast (level 16, 0/83 HPs)
             Began as a Gargoyle Fighter on Dec 14, 2021.
             Was an Initiate of Gozag.
             Slain by a nagaraja (35 damage)
             ... on level 3 of the Snake Pit.
             The game lasted 00:51:22 (26626 turns).

zeram the Peltast (Gargoyle Fighter)               Turns: 26626, Time: 00:51:22

Health: 0/83       AC: 43    Str: 37    XL:     16   Next: 58%
Magic:  16/16      EV:  7    Int:  7    God:    Gozag
Gold:   6286       SH: 24    Dex: 15    Spells: 15/15 levels left

rFire    . . .     SeeInvis +   u - +8 mace (freeze)
rCold    . . .     Faith    .   c - +1 kite shield
rNeg     + + .     Spirit   .   k - +9 plate armour of Time Monsters {rN+ Str+3 Dex+6}
rPois    ∞         Reflect  +   A - +1 helmet
rElec    +         Harm     .   E - scarf {+Inv}
rCorr    +         Rampage  .   q - +2 pair of gloves
Will     +....                  (no boots)
Stlth    ..........             f - amulet of reflection
HPRegen  0.23/turn              g - ring of resist corrosion
MPRegen  0.15/turn              j - ring of Uhuosker {rPois Str+8 Int-3 SInv Stlth+}

@: gold aura, flying, constricted
A: sickness immunity, AC +12, big wings, negative energy resistance 1,
electricity resistance, torment resistance 1, petrification resistance
a: Renounce Religion, Evoke Invisibility, Potion Petition, Call Merchant, Bribe
Branch


You were on level 3 of the Snake Pit.
You worshipped Gozag.
Gozag was greatly pleased with you.
You visited 4 branches of the dungeon, and saw 20 of its levels.
You also visited: Sewer and Gauntlet.

You collected 6641 gold pieces.
You spent 162 gold pieces at shops.
You paid 193 gold pieces to Gozag.

Inventory:

Hand Weapons
 a - a +0 flail
 o - a +2 vorpal flail
 t - a +4 dire flail
 u - a +8 mace of freezing (weapon)
 G - the +4 dagger of Ilamonit {distort, Fly rCorr Stlth-}
   (You found it in a Gauntlet)

   It warps and distorts space around it, and may blink, banish, or inflict
   extra damage upon those it strikes.
   Unwielding it can cause banishment or high damage.
   Fly:       It grants you flight.
   rCorr:     It protects you from acid and corrosion.
   Stlth:     It makes you less stealthy.
Missiles
 h - a throwing net (quivered)
Armour
 b - a +0 scale mail
 c - a +1 kite shield (worn)
 k - the +9 plate armour of Time Monsters (worn) {rN+ Str+3 Dex+6}
   (You acquired it on level 6 of the Dungeon)

   Str:       It affects your strength (+3).
   Dex:       It affects your dexterity (+6).
   rN:        It protects you from negative energy.
 q - a +2 pair of gloves (worn)
 A - a +1 helmet (worn)
 E - a scarf of invisibility (worn)
Jewellery
 e - a ring of ice
 f - an amulet of reflection (around neck)
 g - a ring of resist corrosion (left hand)
 j - the ring of Uhuosker (right hand) {rPois Str+8 Int-3 SInv Stlth+}
   (You found it in a Gauntlet)

   [ring of see invisible]

   Str:       It affects your strength (+8).
   Int:       It affects your intelligence (-3).
   rPois:     It protects you from poison.
   SInv:      It lets you see invisible.
   Stlth:     It makes you more stealthy.
 l - a ring of wizardry
 m - an amulet of magic regeneration
 p - a ring of flight
 M - a ring of wizardry
 O - an amulet of the acrobat
Wands
 i - a wand of flame (75)
 y - a wand of iceblast (15)
 B - a wand of acid (20)
Scrolls
 n - 2 scrolls of fear
 r - 5 scrolls of teleportation
 C - a scroll of fog
 J - a scroll of holy word
Potions
 d - 2 potions of lignification
 v - 2 potions of attraction
 w - a potion of ambrosia {unknown}
 x - 3 potions of resistance
 z - 6 potions of brilliance
 D - 2 potions of mutation
 I - a potion of heal wounds
 L - 2 potions of might
 N - 3 potions of cancellation
Miscellaneous
 F - a condenser vane
 H - a box of beasts
 K - a piece from Xom's chessboard (15/15)


   Skills:
 - Level 3.2 Fighting
 + Level 15.6 Maces & Flails
 + Level 0.1 Throwing
 + Level 13.5 Armour
 * Level 3.5 Dodging
 + Level 20.9 Shields
 - Level 0.3 Evocations


You had 15 spell levels left.
You didn't know any spells.
Your spell library contained the following spells:

 Spells                   Type           Power      Damage    Failure   Level
 Animate Skeleton         Necr           0%         N/A       89%         1
 Sting                    Tmut/Pois      0%         1d3       89%         1
 Blink                    Tloc           N/A        N/A       96%         2
 Corpse Rot               Necr/Air       N/A        N/A       96%         2
 Poisonous Vapours        Pois/Air       0%         N/A       96%         2
 Static Discharge         Conj/Air       0%         N/A       96%         2
 Frozen Ramparts          Ice            0%         1d2       99%         3
 Gell's Gravitas          Tloc           0%         N/A       99%         3
 Lesser Beckoning         Tloc           0%         N/A       99%         3
 Stone Arrow              Conj/Erth      0%         3d7       99%         3
 Summon Guardian Golem    Hex/Summ       0%         N/A       99%         3
 Teleport Other           Tloc           0%         N/A       99%         3
 Cause Fear               Hex            0%         N/A       100%        4
 Dispel Undead            Necr           0%         3d6       100%        4
 Hailstorm                Conj/Ice       0%         3d3       100%        4
 Ice Form                 Ice/Tmut       0%         N/A       100%        4
 Leda's Liquefaction      Hex/Erth       0%         N/A       100%        4
 Olgreb's Toxic Radiance  Pois           0%         N/A       100%        4
 Petrify                  Tmut/Erth      0%         N/A       100%        4
 Sticky Flame             Conj/Fire      0%         2d3       100%        4
 Summon Ice Beast         Ice/Summ       0%         N/A       100%        4
 Alistair's Intoxication  Tmut/Pois      0%         N/A       100%        5
 Bolt of Magma            Conj/Fire/Erth 0%         4d4       100%        5
 Borgnjor's Vile Clutch   Necr/Erth      0%         N/A       100%        5
 Fireball                 Conj/Fire      0%         3d3       100%        5
 Iskenderun's Battlesphe  Conj           0%         2d6       100%        5
 Manifold Assault         Tloc           0%         N/A       100%        5
 Metabolic Englaciation   Hex/Ice        0%         N/A       100%        5
 Summon Mana Viper        Hex/Summ       0%         N/A       100%        5
 Conjure Ball Lightning   Conj/Air       0%         3x3d6     100%        6
 Death Channel            Necr           0%         N/A       100%        6
 Dispersal                Tloc           0%         N/A       100%        6
 Eringya's Noxious Bog    Tmut/Pois      0%         N/A       100%        6
 Simulacrum               Ice/Necr       0%         N/A       100%        6
 Dragon Form              Tmut           0%         N/A       100%        7
 Orb of Destruction       Conj           0%         N/A       100%        7
 Spellforged Servitor     Conj/Summ      0%         N/A       100%        7
 Dragon's Call            Summ           0%         N/A       100%        9
 Shatter                  Erth           0%         3d5*      100%        9
 Statue Form              Tmut/Erth      Unusable   N/A       N/A         6

Dungeon Overview and Level Annotations

Branches:
Dungeon (9/15)             Temple (1/1) D:6            Lair (6/6) D:9
  Swamp (0/4) Lair:3        Snake (4/4) Lair:3        Slime (0/5) Lair:5
  Sewer (visited)         Gauntlet (visited)
    Orc: D:9-12

Altars:
Ashenzari
Cheibriados
Dithmenos
Elyvilon
Fedhas
Gozag
Hepliaklqana
Kikubaaqudgha
Makhleb
Nemelex Xobeh
Okawaru
Qazlal
Ru
Sif Muna
Trog
Uskayaw
Vehumet
Wu Jian
Xom
Yredelemnul
Zin
The Shining One
Jiyva

Shops:
Snake:2 **   Snake:4 ?

Annotations:
Lair:2 2 transporters, Joey1's ghost, journeyman TrBe
Lair:5 1 runed translucent door
Snake:2 2 transporters, Ficsigy's ghost, adept TrFE


Innate Abilities, Weirdness & Mutations

You are immune to sickness and miasma.
Your stone body is resilient. (AC +12)
You are immune to poison.
Your large and strong wings let you fly.
You resist negative energy. (rN+)
You are resistant to electric shocks. (rElec)
You are resistant to unholy torment.
You are immune to petrification.


Message History

The nagaraja shouts!
There is an open door, spattered with blood here.
Things that are here:
19 gold pieces; a +0 dire flail; a +0 robe You barely miss the naga warrior.
The nagaraja is no longer distracted by gold.
You block the nagaraja's attack.
The naga warrior hits you with a +0 dire flail!
The naga warrior grabs you. The naga warrior constricts you.
You thump the naga warrior! You freeze the naga warrior.
The naga warrior is lightly wounded.
You block the nagaraja's attack.
You barely miss the naga warrior.
The naga warrior is lightly wounded.
You block the nagaraja's attack.
The naga warrior hits you but does no damage.
The naga warrior constricts you.
You sock the naga warrior! You freeze the naga warrior.
The naga warrior is moderately wounded.
You block the nagaraja's attack. The naga warrior spits poison at you.
The splash of poison hits you but does no damage.
You resist. The naga warrior constricts you.
You thump the naga warrior! You freeze the naga warrior.
The naga warrior is moderately wounded.
The nagaraja hits you from afar with a +0 halberd!
You block the naga warrior's attack. The naga warrior constricts you.
Unknown command.
You sock the naga warrior! You freeze the naga warrior!
The naga warrior is heavily wounded.
The nagaraja hits you from afar with a +0 halberd!
You are too injured to fight recklessly!
You are too injured to fight recklessly!
You are too injured to fight recklessly!
Unknown command.
You barely miss the naga warrior.
The naga warrior is heavily wounded.
The nagaraja hits you from afar with a +0 halberd!!
You die...
Your body crumbles into a pile of gold.

.........#........#.#......##
........##....#.....#.......##
........# ....#....##........#
........##########'#.........####
#######.......................#..
#...#.#..........####......##....
#.....#..........## #......###...
......#...........###............
......'.########@..#+##.........#
......#.# #..N#### #.........#
......#.# #...N# #.........#
...<.##.# #....N. #..........
...).#..##........ #...##..#).
...))#..#.......... #....#..#.#
...).#..#........... #.......###
.....#..#............##..........
.....#..#...........##...........


You could see a naga warrior, a nagaraja (fast, strong) and a naga (strong).

Vanquished Creatures
  Roxanne (Snake:3)
  3 nagarajas (Snake:3)
  A minotaur (Gauntlet)
  A dire elephant (Lair:1)
  A bunyip (shapeshifter) (Gauntlet)
  An ettin (shapeshifter) (Gauntlet)
  Josephine (Lair:5)
  7 hydras
  6 naga warriors
  4 boulder beetles
  7 anacondas
  A catoblepas (Gauntlet)
  A two-headed ogre (D:8)
  2 death scarabs (Gauntlet)
  13 death yaks
  6 shock serpents
  5 naga sharpshooters
  2 salamander mystics
  A goliath frog (Lair:6)
  2 naga ritualists
  5 mana vipers
  9 salamanders
  An ugly thing (D:7)
  31 elephants
  A guardian serpent (Snake:1)
  4 centaur zombies
  10 naga magi
  29 black mambas
  19 cane toads
  A gargoyle (Gauntlet)
  4 rime drakes
  7 komodo dragons
  2 hellwings (D:7)
  A kobold demonologist (D:9)
  4 polar bears
  A troll (D:6)
  2 hornets
  3 tyrant leeches
  2 meliai zombies (D:8)
  6 dream sheep (Lair:6)
  21 blink frogs
  A spriggan (Lair:2)
  3 spectral black mambas (Gauntlet)
  3 wyverns
  A spectral komodo dragon (Gauntlet)
  Sigmund (D:2)
  4 wraiths (Lair:5)
  26 yaks
  8 basilisks
  3 steam dragons
  5 vampire mosquitoes (Lair:6)
  26 nagas
  30 water moccasins
  2 orc warriors
  A sky beast (D:6)
  Purgy (Sewer)
  An ice beast (D:7)
  An ogre (D:6)
  12 wolves
  2 centaurs
  4 necrophages
  A phantom (D:6)
  2 kobold brigands (D:9)
  19 bullfrogs
  A gnoll sergeant (D:9)
  3 scorpions
  17 wights
  An electric eel (Lair:6)
  A howler monkey (D:7)
  A bullfrog zombie (D:5)
  A jelly (D:6)
  3 orc priests
  A gnoll shaman (D:4)
  2 centaur skeletons
  Terence (D:3)
  2 iguanas
  5 orc wizards
  13 gnolls
  5 adders
  5 shadow imps
  A worm (D:6)
  A dart slug (D:1)
  23 orcs
  7 ball pythons
  4 endoplasms
  5 giant cockroaches
  6 goblins
  7 hobgoblins
  7 jackals (D:2)
  2 quokkas (D:3)
  8 bats
  2 frilled lizards (D:1)
  6 kobolds
  6 rats
  A butterfly (Lair:5)
534 creatures vanquished.

Vanquished Creatures (others)
  A salamander mystic (Snake:2)
  A naga ritualist (Snake:3)
  A black mamba (Snake:3)
  2 nagas
  3 bushes
  112 fungi
  156 plants
  10 withered plants
286 creatures vanquished.

Grand Total: 820 creatures vanquished

Notes
Turn   | Place    | Note
-------+----------+-------------------------------------------
     0 | D:1      | zeram the Gargoyle Fighter began the quest for the Orb.
     0 | D:1      | Reached XP level 1. HP: 14/14 MP: 1/1
   312 | D:1      | Reached XP level 2. HP: 18/19 MP: 2/2
   386 | D:1      | You fall into a shaft and drop 1 floor!
   560 | D:2      | Noticed Sigmund
   569 | D:2      | Killed Sigmund
   570 | D:2      | Reached skill level 4 in Shields
   570 | D:2      | Reached XP level 3. HP: 22/23 MP: 3/3
   570 | D:2      | Reached XP level 4. HP: 27/28 MP: 4/4
   570 | D:2      | Reached XP level 5. HP: 31/32 MP: 5/5
   990 | D:2      | Found a faded altar of an unknown god.
  1845 | D:3      | Reached XP level 6. HP: 37/37 MP: 6/6
  2065 | D:3      | Noticed Terence
  2076 | D:3      | Killed Terence
  2363 | D:3      | Found a radiant altar of Vehumet.
  2524 | D:3      | Reached skill level 1 in Dodging
  2879 | D:4      | Noticed a necrophage
  2893 | D:4      | Killed a necrophage
  2894 | D:4      | Reached skill level 5 in Armour
  2894 | D:4      | Reached skill level 5 in Shields
  2931 | D:4      | Reached XP level 7. HP: 34/41 MP: 7/7
  3526 | D:4      | Reached skill level 5 in Maces & Flails
  4219 | D:5      | Entered Level 5 of the Dungeon
  4287 | D:5      | You fall into a shaft and drop 3 floors!
  4287 | D:8      | Noticed a hornet
  4344 | D:6      | Found a staircase to the Ecumenical Temple.
  4360 | Temple   | Entered the Ecumenical Temple
  4523 | Temple   | Became a worshipper of Gozag Ym Sagoz the Greedy
  4539 | D:6      | Identified a scroll of acquirement
  4539 | D:6      | Acquired the +9 plate armour of Time Monsters {rN+ Str+3
                  | Dex+6}
  4672 | D:6      | Reached XP level 8. HP: 41/46 MP: 8/8
  4777 | D:6      | Reached skill level 6 in Shields
  4902 | D:6      | Found a glowing drain.
  4906 | Sewer    | Entered a sewer
  4957 | Sewer    | Noticed Purgy
  4962 | Sewer    | Killed Purgy
  5421 | D:6      | Noticed a troll
  5433 | D:6      | Killed a troll
  5434 | D:6      | Reached skill level 7 in Shields
  5723 | D:6      | Reached XP level 9. HP: 44/51 MP: 9/9
  6166 | D:7      | Reached skill level 8 in Shields
  6222 | D:7      | Noticed a brown ugly thing
  6230 | D:7      | Killed a brown ugly thing
  6863 | D:7      | Found a broken altar of Ashenzari.
  7297 | D:8      | Noticed a hellwing
  7303 | D:8      | Noticed a hellwing
  7329 | D:7      | Killed a hellwing
  7330 | D:7      | Reached skill level 9 in Shields
  7430 | D:7      | Killed a hellwing
  7431 | D:7      | Reached XP level 10. HP: 28/56 MP: 10/10
  7675 | D:8      | Found a burning altar of Makhleb.
  7802 | D:8      | Reached skill level 10 in Shields
  8547 | D:8      | Reached skill level 11 in Shields
  8599 | D:8      | Reached skill level 10 in Maces & Flails
  8740 | D:8      | Noticed a two-headed ogre
  8746 | D:8      | Killed a two-headed ogre
  9323 | D:9      | Reached XP level 11. HP: 59/60 MP: 11/11
  9778 | D:9      | Reached skill level 12 in Shields
  9815 | D:9      | Found a staircase to the Lair.
 10016 | D:9      | Found an ancient bone altar of Kikubaaqudgha.
 10296 | D:9      | Found a stormy altar of Qazlal.
 10339 | D:9      | Found a hide-covered altar of Uskayaw.
 10565 | Lair:1   | Entered Level 1 of the Lair of Beasts
 10745 | Lair:1   | Noticed an eight-headed hydra
 10753 | Lair:1   | Killed an eight-headed hydra
 11446 | Lair:1   | Noticed a death yak
 11446 | Lair:1   | Noticed a death yak
 11448 | Lair:1   | Noticed a death yak
 11449 | Lair:1   | Noticed a death yak
 11839 | Lair:1   | Killed a death yak
 11849 | Lair:1   | Killed a death yak
 11850 | Lair:1   | Reached XP level 12. HP: 48/64 MP: 12/12
 11854 | Lair:1   | Killed a death yak
 11855 | Lair:1   | Reached skill level 13 in Shields
 11862 | Lair:1   | Killed a death yak
 12322 | Lair:2   | Noticed a five-headed hydra
 12322 | Lair:2   | Found a transporter.
 12323 | Lair:2   | Noticed a six-headed hydra
 12336 | Lair:1   | Killed a five-headed hydra
 12503 | Lair:2   | Killed a six-headed hydra
 12504 | Lair:2   | Reached skill level 10 in Armour
 12612 | Lair:2   | Found a transporter.
 12755 | Lair:2   | Noticed Joey1's ghost (journeyman TrBe)
 12760 | Lair:2   | Identified the ring of Skepticism {Will+ Str+2}
 12771 | Lair:2   | Found a bloodstained altar of Trog.
 12914 | Lair:2   | Noticed a dire elephant
 13009 | Lair:1   | Killed a dire elephant
 13181 | Lair:2   | Noticed a four-headed hydra
 13191 | Lair:2   | Killed a four-headed hydra
 13192 | Lair:2   | Reached skill level 14 in Shields
 13447 | Lair:2   | Noticed a seven-headed hydra
 13476 | Lair:2   | Killed a seven-headed hydra
 13626 | Lair:2   | Reached XP level 13. HP: 59/68 MP: 13/13
 14232 | Lair:3   | Reached skill level 15 in Shields
 14238 | Lair:3   | Found a staircase to the Snake Pit.
 14673 | Lair:3   | Found a staircase to the Swamp.
 15917 | Lair:4   | Found a gate leading to a gauntlet.
 15956 | Gauntlet | Entered a Gauntlet
 15956 | Gauntlet | Found a transporter.
 15956 | Gauntlet | Found a transporter.
 15956 | Gauntlet | Found a transporter.
 15959 | Gauntlet | Found a transporter.
 15960 | Gauntlet | Found a transporter.
 15961 | Gauntlet | Found a transporter.
 15974 | Gauntlet | Found a transporter.
 15976 | Gauntlet | Found a transporter.
 15984 | Gauntlet | Found a transporter.
 15989 | Gauntlet | Found a transporter.
 16009 | Gauntlet | Found a transporter.
 16013 | Gauntlet | Found a transporter.
 16143 | Gauntlet | Noticed a spark wasp
 16143 | Gauntlet | a slime creature changed into a spark wasp
 16289 | Gauntlet | Noticed a bunyip
 16315 | Gauntlet | Killed a bunyip
 16316 | Gauntlet | Reached skill level 16 in Shields
 16320 | Gauntlet | Noticed an ettin
 16336 | Gauntlet | Killed an ettin
 16762 | Gauntlet | Identified the ring of Uhuosker {rPois Str+8 Int-3 SInv
                  | Stlth+}
 16853 | Gauntlet | Noticed a minotaur
 16863 | Gauntlet | Killed a minotaur
 16877 | Gauntlet | Identified the +4 dagger of Ilamonit {distort, Fly rCorr
                  | Stlth-}
 16878 | Gauntlet | Got the Compendium of the Firefly
 17085 | Lair:4   | Gained mutation: Your large and strong wings let you fly.
                  | [Gargoyle growth]
 17085 | Lair:4   | Reached XP level 14. HP: 73/74 MP: 14/14
 17601 | Lair:4   | Acquired 697 gold pieces
 18014 | Lair:5   | Reached skill level 17 in Shields
 18230 | Lair:5   | Noticed Josephine
 18245 | Lair:5   | Killed Josephine
 18452 | Lair:5   | Found a runed translucent door.
 18452 | Lair:5   | Found a viscous altar of Jiyva.
 18453 | Lair:5   | Noticed an azure jelly
 18454 | Lair:5   | Noticed an azure jelly
 18455 | Lair:5   | Found a staircase to the Slime Pits.
 18455 | Lair:5   | Noticed an azure jelly
 18496 | Lair:5   | Found a bloodstained altar of Trog.
 19017 | Lair:6   | Entered Level 6 of the Lair of Beasts
 19959 | Lair:6   | Reached skill level 18 in Shields
 20497 | Lair:6   | Reached XP level 15. HP: 74/78 MP: 15/15
 21319 | Lair:6   | Reached skill level 19 in Shields
 21747 | Lair:6   | Reached skill level 15 in Maces & Flails
 22168 | Snake:1  | Entered Level 1 of the Snake Pit
 23208 | Snake:2  | Found a transporter.
 23209 | Snake:2  | Noticed Ficsigy's ghost (adept TrFE)
 23494 | Snake:2  | Found a transporter.
 23522 | Snake:2  | Found Kity's Assorted Antiques.
 23527 | Snake:2  | Found Ewi Etemn's General Store.
 23530 | Snake:2  | Bought a yellow potion for 30 gold pieces
 23690 | Snake:2  | Bought a scroll of fear for 42 gold pieces
 23690 | Snake:2  | Bought a scroll of enchant weapon for 90 gold pieces
 24416 | Snake:3  | Noticed Roxanne
 24416 | Snake:3  | Found a blossoming altar of Fedhas.
 24489 | Snake:3  | Killed Roxanne
 24490 | Snake:3  | Reached skill level 20 in Shields
 24771 | Snake:3  | Reached XP level 16. HP: 83/83 MP: 16/16
 24838 | Snake:4  | Entered Level 4 of the Snake Pit
 24838 | Snake:4  | Found Tuxytucu's Magic Scroll Boutique.
 25984 | Snake:3  | Noticed a nagaraja
 25997 | Snake:3  | Killed a nagaraja
 26136 | Snake:3  | Noticed a nagaraja
 26137 | Snake:3  | Noticed a nagaraja
 26178 | Snake:3  | Killed a nagaraja
 26195 | Snake:3  | Killed a nagaraja
 26611 | Snake:3  | Noticed a nagaraja
 26626 | Snake:3  | Slain by a nagaraja

Illustrated notes

Levels and vault maps discovered:
D:1:      dpeg_arrival_snail, layout_loops_corners, serial_park_tiny_pond
D:2:      layout_basic, basic_ecumenical_altar, uniq_sigmund
D:3:      minmay_wonky_spiral, layout_loops_ring, vehumet_altar_wand_db,
          dk_noncrumbling_4, uniq_terence
D:4:      cheibrodos_quashed, layout_basic, hangedman_decor_opposing
D:5:      layout_loops_ring, minmay_misc_feat_pillars
D:6:      layout_loops_corners, minmay_temple_entry_wispy,
          gup_sewer_entry_spiral
D:7:      layout_loops_ring, nicolae_ashenzari_panopticon,
          grunt_decor_resistance
D:8:      cheibrodos_grave_circle, layout_layer_cave,
          mainiacjoe_overflow_boulevard, corexii_leaking_fountain,
          minmay_misc_feat_more_columns
D:9:      layout_stronghold, nicolae_kikubaaqudgha_miasma_corner,
          nicolae_qazlal_scattered_showers, eat_drink_and_be_merry_uskayaw,
          minmay_lair_entry_grove
Temple:   nicolae_temple_elliptical
Lair:1:   layout_layer_cave, small_statue_intersection
Lair:2:   mu_elephants_graveyard, layout_regular_city,
          gammafunk_ghost_wrathful_warriors, beast_lair_carwin_6
Lair:3:   layout_cave_pods, swamp_mist, minmay_snake_entry_six_corridors,
          serial_bayou_shore_b, lemuel_fruit_fields
Lair:4:   layout_roguey, gauntlet_entry_generic
Lair:5:   layout_gridlike, slime_altar_2, basic_altar, lemuel_fruit_fields,
          infiniplex_staircase_pool, uniq_josephine
Lair:6:   minmay_lair_end_frog_pond, layout_cellular_growth
Snake:1:  layout_onion, special_room
Snake:2:  layout_gridlike, gammafunk_ghost_arena, drop_trap, minmay_shop_star
Snake:3:  layout_cave_town, basic_altar, nicolae_snake_shapes, uniq_roxanne
Snake:4:  grunt_snake_rune_pools, layout_cave_town, serial_shops, shop

Skill      XL: |  1  2  3  4  5  6  7  8  9 10 11 12 13 14 15 |
---------------+----------------------------------------------+-----
Maces & Flails | 3 4 5 7 9 10 11 13 14 15 | 15.6
Armour         | 4 5 6 8 9 10 11 12 13 | 13.5
Shields        | 4 5 7 9 11 12 14 16 18 20 | 20.9
Dodging        | 1 2 3 |  3.5
Fighting       | |  3.2
Throwing       | |  0.1
Evocations     | |  0.3

Action                   |  1- 3 |  4- 6 |  7- 9 | 10-12 | 13-15 | 16-18 || total
-------------------------+-------+-------+-------+-------+-------+-------++-------
Melee: Flail             |    37 |   202 |   207 |       |       |       ||   446
       Mace              |       |       |    96 |   664 |  1617 |   324 ||  2701
Throw: Throwing net      |       |       |     1 |       |       |       ||     1
 Abil: Evoke Invisibilit |       |       |       |       |     1 |       ||     1
Evoke: Wand              |       |       |       |       |     5 |       ||     5
  Use: Potion            |     1 |     3 |     3 |     7 |     7 |     3 ||    24
       Scroll            |       |     7 |     5 |     8 |    13 |       ||    33
 Stab: Distracted        |       |       |     1 |     4 |     5 |       ||    10
       Invisible         |       |       |       |       |     5 |       ||     5
Armor: Scale mail        |    16 |    81 |    27 |       |       |       ||   124
       Skin              |       |    31 |     1 |       |       |       ||    32
       Plate armour      |       |       |   158 |   319 |   456 |    85 ||  1018
Dodge: Dodged            |    23 |    41 |    74 |   152 |   286 |    48 ||   624
Block: Kite shield       |    21 |   115 |   286 |   641 |  1487 |   342 ||  2892
       Reflection        |       |       |     2 |    12 |    55 |    42 ||   111
